ABL
CRONULLA SHARKS @ ST. KILDA SAINTS
06/19/2022
 
TOP OF THE 1ST
Cronulla Sharks batting - Pitching for St. Kilda Saints : LHP Todd Tronc
Pitching: LHP Todd Tronc
Batting: RHB Louis Belcher 0-0: Ball
1-0: Foul Ball, location: 3FF
1-1: Ball
2-1: Swinging Strike
2-2: Strikes out swinging
Batting: RHB Asa Thatcher 0-0: Ball
1-0: Ball
2-0: Ball
3-0: Called Strike
3-1: Fly out, F9 (Flyball, 9D, EV 98.1 MPH)
Batting: RHB Mark Ryan 0-0: Ball
1-0: Called Strike
1-1: Fly out, F7 (Flyball, 7D, EV 95.6 MPH)
Top of the 1st over - 0 runs, 0 hits, 0 errors, 0 left on base; Cronulla 0 - St. Kilda 0
BOTTOM OF THE 1ST
St. Kilda Saints batting - Pitching for Cronulla Sharks : LHP Young-chul Kong
Pitching: LHP Young-chul Kong
Batting: RHB Graeme Coverdale 0-0: DOUBLE (Flyball, 89XD, EV 102.5 MPH)
Batting: RHB Kevin Geake 0-0: Foul Ball, location: 2F
0-1: Foul Ball, location: 2F
0-2: Foul Ball, location: 2F
0-2: Strikes out swinging
Batting: RHB Billy Rigden 0-0: Ball
1-0: Ground out 6-3 (Groundball, 6, EV 86.9 MPH)
Graeme Coverdale to third
Batting: LHB Joe Coate 0-0: Called Strike
0-1: Ball
1-1: Swinging Strike
1-2: Foul Ball, location: 7LDF
1-2: Strikes out swinging
Bottom of the 1st over - 0 runs, 1 hit, 0 errors, 1 left on base; Cronulla 0 - St. Kilda 0
TOP OF THE 2ND
Cronulla Sharks batting - Pitching for St. Kilda Saints : LHP Todd Tronc
Batting: LHB Bill Gower 0-0: Called Strike
0-1: Called Strike
0-2: Strikes out looking
Batting: RHB Sloan Windus 0-0: Ground out 6-3 (Groundball, 6, EV 91.9 MPH)
Batting: RHB Rhys Bloor 0-0: Ball
1-0: SINGLE (Line Drive, 9S, EV 98.8 MPH)
Batting: RHB Ollie Bullivant 0-0: Ground out 4-3 (Groundball, 4D, EV 102.5 MPH)
Top of the 2nd over - 0 runs, 1 hit, 0 errors, 1 left on base; Cronulla 0 - St. Kilda 0
BOTTOM OF THE 2ND
St. Kilda Saints batting - Pitching for Cronulla Sharks : LHP Young-chul Kong
Batting: SHB Rickie Rowles 0-0: Called Strike
0-1: Called Strike
0-2: Ball
1-2: Foul Ball, location: 2F
1-2: Strikes out looking
Batting: RHB Jonathan Langlands 0-0: Called Strike
0-1: Called Strike
0-2: Ball
1-2: Ball
2-2: Ground out 6-3 (Groundball, 6, EV 89.4 MPH)
Batting: LHB Sonny Crosby 0-0: Ball
1-0: Called Strike
1-1: Called Strike
1-2: Ball
2-2: Fly out, F8 (Flyball, 89S, EV 88.8 MPH)
Bottom of the 2nd over - 0 runs, 0 hits, 0 errors, 0 left on base; Cronulla 0 - St. Kilda 0
TOP OF THE 3RD
Cronulla Sharks batting - Pitching for St. Kilda Saints : LHP Todd Tronc
Batting: LHB Nick Jeffcoate 0-0: Ball
1-0: Ground out 6-3 (Groundball, 6, EV 108.1 MPH)
Batting: LHB Young-chul Kong 0-0: Swinging Strike
0-1: Foul Ball, location: 2F
0-2: Foul Ball, location: 2F
0-2: Ball
1-2: Foul Ball, location: 5FF
1-2: Ball
2-2: Strikes out swinging
Batting: RHB Louis Belcher 0-0: Ball
1-0: Foul Ball, location: 9LSF
1-1: Ball
2-1: Ball
3-1: Fly out, F7 (Flyball, 7, EV 91.3 MPH)
Top of the 3rd over - 0 runs, 0 hits, 0 errors, 0 left on base; Cronulla 0 - St. Kilda 0
BOTTOM OF THE 3RD
St. Kilda Saints batting - Pitching for Cronulla Sharks : LHP Young-chul Kong
Batting: RHB Ron Corney 0-0: Called Strike
0-1: Ball
1-1: Called Strike
1-2: SINGLE (Line Drive, 89S, EV 93.8 MPH)
Batting: RHB Todd Tronc 0-0: Sac Bunt to 15 - play at first, batter OUT! 1-3
Ron Corney to second
Batting: RHB Graeme Coverdale 0-0: Ball
1-0: Ball
2-0: Foul Ball, location: 9LMF
2-1: Ball
3-1: Base on Balls
Batting: RHB Kevin Geake 0-0: Ball
1-0: Called Strike
1-1: Called Strike
1-2: Fly out, F7 (Flyball, 7D, EV 102.5 MPH)
Runner from 2nd tags up, SAFE at 3rd, no throw by LF
Batting: RHB Billy Rigden 0-0: Ball
1-0: Swinging Strike
1-1: Called Strike
1-2: Ball
2-2: Ball
3-2: Foul Ball, location: 5F
3-2: Foul Ball, location: 2F
3-2: DOUBLE (Flyball, 8RXD, EV 102.5 MPH)
Ron Corney scores
Graeme Coverdale to third
Graeme Coverdale scores
Batting: LHB Joe Coate 0-0: Ball
1-0: Ball
2-0: Ball
3-0: Base on Balls
Batting: SHB Rickie Rowles 0-0: Ball
1-0: Ball
2-0: Ball
3-0: Called Strike
3-1: SINGLE (Flyball, 89S, EV 95.6 MPH)
Billy Rigden to third
Joe Coate to second
Runner from 3rd tries for Home, SAFE, throw by RF to home
Batting: RHB Jonathan Langlands 0-0: Ball
1-0: Called Strike
1-1: Ball
2-1: Fielders Choice at 3rd, U5 (Groundball, 5, EV 105.0 MPH)
Bottom of the 3rd over - 3 runs, 3 hits, 0 errors, 1 left on base; Cronulla 0 - St. Kilda 3
TOP OF THE 4TH
Cronulla Sharks batting - Pitching for St. Kilda Saints : LHP Todd Tronc
Batting: RHB Asa Thatcher 0-0: Called Strike
0-1: Ball
1-1: Swinging Strike
1-2: Ball
2-2: Foul Ball, location: 2F
2-2: Foul Ball, location: 5F
2-2: Fly out, F8 (Flyball, 8RD, EV 105.0 MPH)
Batting: RHB Mark Ryan 0-0: DOUBLE (Flyball, 8LXD, EV 105.0 MPH)
Batting: LHB Bill Gower 0-0: Called Strike
0-1: Ball
1-1: Foul Ball, location: 2F
1-2: Ground out 5-3 (Groundball, 56, EV 91.3 MPH)
Mark Ryan to third
Batting: RHB Sloan Windus 0-0: Ball
1-0: Foul Ball, location: 9LSF
1-1: Called Strike
1-2: Foul Ball, location: 2F
1-2: Foul Ball, location: 2F
1-2: Ball
2-2: Foul Ball, location: 9LDF
2-2: Strikes out swinging
Top of the 4th over - 0 runs, 1 hit, 0 errors, 1 left on base; Cronulla 0 - St. Kilda 3
BOTTOM OF THE 4TH
St. Kilda Saints batting - Pitching for Cronulla Sharks : LHP Young-chul Kong
Batting: LHB Sonny Crosby 0-0: Ball
1-0: Ball
2-0: Ball
3-0: Called Strike
3-1: Called Strike
3-2: Strikes out swinging
Batting: RHB Ron Corney 0-0: Ground out 4-3 (Groundball, 4, EV 108.1 MPH)
Batting: RHB Todd Tronc 0-0: Called Strike
0-1: Ball
1-1: Ball
2-1: Ground out 6-3 (Groundball, 6, EV 90.6 MPH)
Bottom of the 4th over - 0 runs, 0 hits, 0 errors, 0 left on base; Cronulla 0 - St. Kilda 3
TOP OF THE 5TH
Cronulla Sharks batting - Pitching for St. Kilda Saints : LHP Todd Tronc
Batting: RHB Rhys Bloor 0-0: Called Strike
0-1: Swinging Strike
0-2: Ball
1-2: Strikes out swinging
Batting: RHB Ollie Bullivant 0-0: Ball
1-0: Ball
2-0: Called Strike
2-1: Foul Ball, location: 9LMF
2-2: Ball
3-2: Foul Ball, location: 2F
3-2: Base on Balls
Batting: LHB Nick Jeffcoate 0-0: Fielders Choice at 2nd, 4-6 (Groundball, 4, EV 105.6 MPH)
Pinch Hitting: RHB John Fay 0-0: Ball
1-0: Ball
2-0: Called Strike
2-1: Foul Ball, location: 25F
2-2: Strikes out swinging wild pitch, reaches first!
Nick Jeffcoate to second
Batting: RHB Louis Belcher 0-0: Foul Ball, location: 7LSFF
0-1: Ball
1-1: Ball
2-1: Ball
3-1: Base on Balls
Nick Jeffcoate to third
John Fay to second
Batting: RHB Asa Thatcher 0-0: Foul Ball, location: 5F
0-1: Called Strike
0-2: Ball
1-2: Ball
2-2: Foul Ball, location: 2LF
2-2: Fielders Choice at 2nd, 5-4 (Groundball, 56, EV 87.5 MPH)
Top of the 5th over - 0 runs, 0 hits, 0 errors, 3 left on base; Cronulla 0 - St. Kilda 3
BOTTOM OF THE 5TH
St. Kilda Saints batting - Pitching for Cronulla Sharks : LHP Young-chul Kong
Pitching: LHP Koy Whitton
Batting: RHB Graeme Coverdale 0-0: Called Strike
0-1: DOUBLE (Line Drive, 89XD, EV 99.4 MPH)
Batting: RHB Kevin Geake 0-0: Ball
1-0: Called Strike
1-1: Foul Ball, location: 9LSF
1-2: Ball
2-2: Ground out 5-3 (Groundball, 56, EV 75.6 MPH)
Batting: RHB Billy Rigden 0-0: Intentional Walk
Batting: LHB Joe Coate 0-0: Foul Ball, location: 3SF
0-1: Swinging Strike
0-2: Ball
1-2: Fielders Choice at 2nd, 3-6 (Groundball, 34, EV 107.5 MPH)
Graeme Coverdale to third
Batting: SHB Rickie Rowles 0-0: Called Strike
0-1: Ball
1-1: Ball
2-1: Ball
3-1: Fielders Choice at 2nd, 6-4 (Groundball, 6, EV 106.9 MPH)
Bottom of the 5th over - 0 runs, 1 hit, 0 errors, 2 left on base; Cronulla 0 - St. Kilda 3
TOP OF THE 6TH
Cronulla Sharks batting - Pitching for St. Kilda Saints : LHP Todd Tronc
Batting: RHB Mark Ryan 0-0: Ball
1-0: Foul Ball, location: 2F
1-1: Ball
2-1: SINGLE (Line Drive, 89M, EV 86.3 MPH)
Batting: LHB Bill Gower 0-0: Called Strike
0-1: Foul Ball, location: 2F
0-2: Foul Ball, location: 2F
0-2: Ground out 4-3 (Groundball, 34, EV 99.4 MPH)
Mark Ryan to second
Batting: RHB Sloan Windus 0-0: Ball
1-0: Ball
2-0: Ball
3-0: Base on Balls
Batting: RHB Rhys Bloor 0-0: Called Strike
0-1: Ball
1-1: Ball
2-1: Foul Ball, location: 7LMF
2-2: Ball
3-2: DOUBLE (Flyball, 8RD, EV 103.8 MPH)
Mark Ryan scores
Sloan Windus to third
Batting: RHB Ollie Bullivant 0-0: Swinging Strike
0-1: Ball
1-1: Swinging Strike
1-2: Strikes out swinging
Pinch Hitting: RHB Kirby Penfold 0-0: Called Strike
0-1: Ball
1-1: Ball
2-1: Foul Ball, location: 2F
2-2: Strikes out looking
Top of the 6th over - 1 run, 2 hits, 0 errors, 2 left on base; Cronulla 1 - St. Kilda 3
BOTTOM OF THE 6TH
St. Kilda Saints batting - Pitching for Cronulla Sharks : LHP Koy Whitton
Now in CF: Mark Ryan
Now in RF: Kirby Penfold
Batting: RHB Jonathan Langlands 0-0: Called Strike
0-1: Foul Ball, location: 5DF
0-2: Ground out 6-3 (Groundball, 6, EV 84.4 MPH)
Batting: LHB Sonny Crosby 0-0: Called Strike
0-1: Called Strike
0-2: Ball
1-2: Strikes out swinging
Batting: RHB Ron Corney 0-0: Ball
1-0: Ball
2-0: Ball
3-0: Base on Balls
Pinch Hitting: LHB Tim Crashaw 0-0: Ball
1-0: Foul Ball, location: 23F
1-1: Foul Ball, location: 2F
1-2: Ball
2-2: Strikes out looking
Bottom of the 6th over - 0 runs, 0 hits, 0 errors, 1 left on base; Cronulla 1 - St. Kilda 3
TOP OF THE 7TH
Cronulla Sharks batting - Pitching for St. Kilda Saints : LHP Todd Tronc
Pitching: RHP Walt Mumford
Pinch Hitting: SHB Tony Alvarado 0-0: Foul Ball, location: 2F
0-1: Hit by Pitch
Batting: RHB Louis Belcher 0-0: Ball
1-0: Foul Ball, location: 5F
1-1: Ball
2-1: Foul Ball, location: 7LMF
2-2: SINGLE (Groundball, 6D, EV 96.9 MPH)
Tony Alvarado to second
Batting: RHB Asa Thatcher 0-0: Ball
1-0: Foul Ball, location: 9LDF
1-1: Foul Ball, location: 2F
1-2: SINGLE (Groundball, 34D, EV 110.6 MPH)
Tony Alvarado to third
Louis Belcher to second
Runner from 3rd tries for Home, SAFE, throw by RF to home
Batting: RHB Mark Ryan 0-0: Called Strike
0-1: Ball
1-1: Ball
2-1: Ball
3-1: Swinging Strike
3-2: Fielders Choice at 2nd, 4-6 (Groundball, 4S, EV 85.0 MPH)
Louis Belcher to third
Batting: LHB Bill Gower 0-0: Swinging Strike
0-1: Ball
1-1: Ball
2-1: Foul Ball, location: 23F
2-2: Fly out, F9 (Flyball, 9, EV 93.1 MPH)
Runner from 3rd tags up, OUT at HOME! 9-2
Top of the 7th over - 1 run, 2 hits, 0 errors, 1 left on base; Cronulla 2 - St. Kilda 3
BOTTOM OF THE 7TH
St. Kilda Saints batting - Pitching for Cronulla Sharks : LHP Koy Whitton
Pitching: RHP Eric Jolly
Batting: RHB Graeme Coverdale 0-0: SINGLE (Groundball, 4MS, EV 68.8 MPH) (infield hit)
Batting: RHB Kevin Geake 0-0: Ball
1-0: Called Strike
1-1: Foul Ball, location: 2F
1-2: Ball
2-2: Foul Ball, location: 2F
2-2: Hit by Pitch
Graeme Coverdale to second
Batting: RHB Billy Rigden 0-0: Called Strike
0-1: Ball
1-1: Ball
2-1: Swinging Strike
2-2: Ball
3-2: Fly out, F8 (Flyball, 78XD, EV 96.3 MPH)
Runner from 2nd tags up, SAFE at 3rd, no throw by CF
Batting: LHB Joe Coate 0-0: Fly out, F7 (Flyball, 78D, EV 84.4 MPH)
Runner from 3rd tags up, SCORES, no throw by LF
Batting: SHB Rickie Rowles 0-0: Called Strike
0-1: Foul Ball, location: 7LDF
0-2: Ball
1-2: Ball
2-2: Foul Ball, location: 2F
2-2: Ground out 4-3 (Groundball, 4, EV 91.3 MPH)
Bottom of the 7th over - 1 run, 1 hit, 0 errors, 1 left on base; Cronulla 2 - St. Kilda 4
TOP OF THE 8TH
Cronulla Sharks batting - Pitching for St. Kilda Saints : RHP Walt Mumford
Batting: RHB Sloan Windus 0-0: Ball
1-0: Called Strike
1-1: DOUBLE (Line Drive, 78D, EV 106.9 MPH)
Pinch Hitting: RHB John Elkington 0-0: Ball
1-0: Ball
2-0: Called Strike
2-1: Ground out 4-3 (Groundball, 4, EV 77.5 MPH)
Sloan Windus to third
Pitching: RHP Layne Tinsley
Batting: RHB Ollie Bullivant 0-0: Ball
1-0: Ball
2-0: Ball
3-0: Base on Balls
Batting: RHB Kirby Penfold 0-0: Ball
1-0: Ball
2-0: Ball
3-0: Called Strike
3-1: Fielders Choice at home, 6-2 (Groundball, 6, EV 91.9 MPH)
Ollie Bullivant to second
Pinch Hitting: SHB Bruno Collick 0-0: Fly out, F8 (Flyball, 8LD, EV 105.6 MPH)
Top of the 8th over - 0 runs, 1 hit, 0 errors, 2 left on base; Cronulla 2 - St. Kilda 4
BOTTOM OF THE 8TH
St. Kilda Saints batting - Pitching for Cronulla Sharks : RHP Eric Jolly
Pitching: RHP Graeme Humphreys
Now at 2B: John Elkington
Batting: RHB Jonathan Langlands 0-0: SINGLE (Line Drive, 8LS, EV 104.4 MPH)
Batting: LHB Sonny Crosby 0-0: Bunted foul
0-1: Sac Bunt to 13S - play at first, batter OUT! 1-3
Jonathan Langlands to second
Batting: RHB Ron Corney 0-0: Ball
1-0: Ball
2-0: Called Strike
2-1: Ball
3-1: Base on Balls
Pinch Hitting: LHB Chris Beavis 0-0: Swinging Strike
0-1: DOUBLE (Line Drive, 7LS, EV 100.0 MPH)
Jonathan Langlands scores
Ron Corney to third
Batting: RHB Graeme Coverdale 0-0: Intentional Walk
Batting: RHB Kevin Geake 0-0: Ball
1-0: Called Strike
1-1: Fly out, F8 (Flyball, 78S, EV 105.0 MPH)
Runner from 3rd tags up, SCORES, throw by CF
Batting: RHB Billy Rigden 0-0: Foul Ball, location: 2F
0-1: Ground out 4-3 (Groundball, 4, EV 94.4 MPH)
Bottom of the 8th over - 2 runs, 2 hits, 0 errors, 2 left on base; Cronulla 2 - St. Kilda 6
TOP OF THE 9TH
Cronulla Sharks batting - Pitching for St. Kilda Saints : RHP Layne Tinsley
Pitching: RHP Benji Foran
Batting: RHB Louis Belcher 0-0: Called Strike
0-1: Called Strike
0-2: Ball
1-2: Fly out, F7 (Flyball, 78S, EV 86.3 MPH)
Batting: RHB Asa Thatcher 0-0: Called Strike
0-1: Ball
1-1: Foul Ball, location: 2F
1-2: Foul Ball, location: 2F
1-2: Hit by Pitch
Batting: RHB Mark Ryan 0-0: Ball
1-0: Foul Ball, location: 9LSF
1-1: Ball
2-1: DOUBLE (Line Drive, 9LM, EV 111.9 MPH)
Asa Thatcher to third
Batting: LHB Bill Gower 0-0: Ball
1-0: Foul Ball, location: 3SF
1-1: Swinging Strike
1-2: Strikes out swinging
Batting: RHB Sloan Windus 0-0: SINGLE (Line Drive, 56, EV 104.4 MPH)
Asa Thatcher scores
Mark Ryan to third
Batting: RHB John Elkington 0-0: Ball
1-0: Swinging Strike
1-1: Fly out, F7 (Flyball, 78S, EV 74.4 MPH)
Top of the 9th over - 1 run, 2 hits, 0 errors, 2 left on base; Cronulla 3 - St. Kilda 6
Monday, May 6th , 2024 - OOTP Baseball 24.9 Build 80